AoeStats
← Dr. Mókus

Arena

508834331Analyzed
1v1 RM · 9d ago on Sep 24, 2026· 27m 0s· 2 players
Game mode
Random Map
Map size
Tiny (2 player)
Population
200
Speed
Normal
Resources
Standard
Victory
Conquest
Starting age
Dark Age
Ending age
Imperial Age
RankedLock teamsTeams togetherTeam positionsShared explorationLock speedFull tech treeHidden civsTurbo modeCheats
Victory
Defeat
🇬🇧 Japanese · United Kingdom
985
+16
🇭🇺 Franks · Hungary
994
-16
rubungus
10:08 Feudal Age
14:06 Castle Age
12:23 Double-Bit Axe
14:45 Man-at-Arms
15:54 Long Swordsman
19:31 Scale Mail Armor
19:48 Forging
21:57 Chain Mail Armor
22:18 Loom
23:57 Iron Casting
24:00 Pikeman
Dr. Mókus
10:53 Feudal Age
11:23 Double-Bit Axe
16:13 Castle Age
17:53 Bow Saw
23:54 Wheelbarrow
27:05 Loom
Connection lost

Rejoining the realm…

Still unreachable

The connection could not be restored.

Session expired

The server has moved on; the page needs a fresh start.